 Dungeon Crawl Stone Soup version 0.20.1-1-g8b1a95d (webtiles) character file.

78205 Irenicus the Black Belt (level 15, -4/99 HPs)
             Began as an Octopode Chaos Knight on Oct 21, 2017.
             Engulfed by a frost giant's freezing vapour (5 damage)
             ... on level 1 of the Shoals.
             The game lasted 01:38:53 (21175 turns).

Irenicus the Black Belt (Octopode Chaos Knight)    Turns: 21175, Time: 01:38:56

Health: -4/99      AC: 14    Str: 14    XL:     15   Next: 59%
Magic:  19/19      EV: 28    Int: 17    God:    Xom [....*.]
Gold:   712        SH:  8    Dex: 23    Spells: 10/18 levels left

rFire    + + +     SeeInvis .     - Unarmed
rCold    . . .     Gourm    .   F - +1 buckler {AC+3}
rNeg     + . .     Faith    .   o - +2 hat
rPois    +         Spirit   .   U - amulet of regeneration
rElec    +         Reflect  .   y - ring of protection from magic
rCorr    +         Harm     .   u - ring of protection from cold
MR       ++...                  H - ring "Qatuqymn" {rElec AC+1 Int+2 Dex+4}
Stlth    ++++++....             G - ring of resist corrosion
Regen    0.7/turn               r - ring of positive energy
MPRegen  0.2/turn               z - ring of poison resistance
                                f - ring "Saminegg" {rF+ AC+5}
                                h - ring of the Rose {rC+ Str+2 Dex+2}

@: immune to fire clouds
A: almost no armour, stealthy swim, amphibious, 8 rings, constrict 8, beak,
tentacle spike 2, yellow scales 1, camouflage 1, blurry vision 1, fire
resistance 2, high mp 1, sense surroundings 1, wild magic 2, gelatinous body 1
a: Renounce Religion


You were on level 1 of the Shoals.
You worshipped Xom.
You were a beloved toy of Xom.
You were hungry.

You visited 4 branches of the dungeon, and saw 21 of its levels.
You visited 1 bazaar.
You also visited: Ossuary.

You collected 2311 gold pieces.
You spent 1599 gold pieces at shops.

Inventory:

Armour
 o - a +2 hat (worn)
 F - a +1 buckler of protection (worn)
 R - a +0 shield of reflection
Jewellery
 e - an uncursed ring of see invisible
 f - the ring "Saminegg" (on tentacle) {rF+ AC+5}
   (You found it on level 5 of the Lair of Beasts)

   [ring of protection]

   It affects your AC (+5).
   It protects you from fire.
 h - the ring of the Rose (on tentacle) {rC+ Str+2 Dex+2}
   (You bought it in a shop on level 2 of the Orcish Mines)

   [ring of strength]

   It affects your strength (+2).
   It affects your dexterity (+2).
   It protects you from cold.
 r - a ring of positive energy (on tentacle)
 u - a ring of protection from cold (right tentacle)
 w - an uncursed ring of protection from fire
 y - a ring of protection from magic (left tentacle)
 z - a ring of poison resistance (on tentacle)
 G - a ring of resist corrosion (on tentacle)
 H - the ring "Qatuqymn" (on tentacle) {rElec AC+1 Int+2 Dex+4}
   (You bought it in a shop on level 2 of the Orcish Mines)

   [ring of protection]

   It affects your AC (+1).
   It affects your intelligence (+2).
   It affects your dexterity (+4).
   It insulates you from electricity.
 O - a +4 ring of strength
 Q - a +3 ring of dexterity
 U - an amulet of regeneration (around mantle)
Wands
 j - a wand of acid (0/15)
 D - a wand of lightning (8/15)
 X - a wand of flame (0/48)
Scrolls
 c - 7 scrolls of remove curse
 d - 9 scrolls of identify
 k - a scroll of immolation
 p - 4 scrolls of recharging
 s - 11 scrolls of teleportation
 B - 2 scrolls of enchant armour
 E - 2 scrolls of magic mapping
 I - 2 scrolls of fear
 W - a scroll of summoning {unknown}
 Y - a scroll of blinking
 Z - 2 scrolls of fog
Potions
 b - 7 potions of flight
 i - 6 potions of lignification
 n - a potion of magic
 q - 4 potions of cancellation
 t - a potion of might
 x - 2 potions of mutation
 A - 2 potions of haste
 C - 7 potions of curing
 M - 6 potions of brilliance
Books
 V - a book of Clouds

   Spells                             Type                      Level
   a - Poisonous Vapours              Poison/Air                   2
   b - Mephitic Cloud                 Conjuration/Poison/Air       3
   c - Conjure Flame                  Conjuration/Fire             3
   d - Freezing Cloud                 Conjuration/Ice/Air          6
   e - Ring of Flames                 Charms/Fire                  7
Miscellaneous
 T - a fan of gales
Comestibles
 a - 12 bread rations
 g - a chunk of flesh
 l - 8 meat rations
 K - 21 royal jellies
 L - 13 fruits


   Skills:
 - Level 8.0 Fighting
 - Level 15.1 Dodging
 - Level 8.3 Stealth
 - Level 7.1 Shields
 - Level 17.1 Unarmed Combat
 - Level 2.1 Spellcasting
 - Level 6.2 Hexes
 - Level 1.1 Necromancy
 - Level 1.1 Translocations
 + Level 2.3 Poison Magic


You had 10 spell levels left.
You knew the following spells:

 Your Spells              Type           Power        Failure   Level  Hunger
a - Mephitic Cloud        Conj/Pois/Air  #.......     56%         3    ###....
b - Poisonous Vapours     Pois/Air       #.....       34%         2    ###....
c - Apportation           Tloc           #.....       24%         1    #......
e - Confusing Touch       Hex            #####.       5%          1    #......
r - Animate Skeleton      Necr           N/A          24%         1    #......


Dungeon Overview and Level Annotations

Branches:
Dungeon (12/15)            Temple (0/1) D:5            Lair (6/6) D:10
 Shoals (1/4) Lair:3       Spider (0/4) Lair:4        Slime (0/5) Lair:6
    Orc (2/2) D:10            Elf (0/3) Orc:2

Altars:
Ashenzari
Cheibriados
Dithmenos
Fedhas
Kikubaaqudgha
Makhleb
Nemelex Xobeh
Qazlal
Ru
Xom
Yredelemnul
The Shining One
Jiyva

Shops:
D:10 *   Orc:2 [*=*


Innate Abilities, Weirdness & Mutations

You cannot wear most types of armour.
You are very stealthy in the water. (Stealth+)
You are amphibious.
You can wear up to eight rings at the same time.
You can use your tentacles to constrict eight enemies at once.
Your skin changes colour to match your surroundings (Stealth+).
Your rubbery body absorbs attacks. (AC +1, EV +1)
You have a beak for a mouth.
One of your tentacles bears a nasty spike.
You are partially covered in yellow scales. (AC +2)
Scrolls take you a little longer to read.
Your flesh is very heat resistant. (rF++)
You have an increased reservoir of magic. (+10% MP)
You passively map a small area around you.
Your spells are harder to cast, but more powerful.


Message History

Your butterfly is engulfed in blazing flames.
You kill your butterfly!
Your butterfly is engulfed in blazing flames.
You kill your butterfly!
Your butterfly is engulfed in blazing flames.
You kill your butterfly!
The frost giant is engulfed in blazing flames.
The frost giant splashes around in the water.
Okay, then.
Casting: Confusing Touch
Confirm with . or Enter, or press ? or * to list all spells.
Okay, then.
You tentacle-slap the frost giant but do no damage.
You pierce the frost giant, but do no damage.
You peck the frost giant, but do no damage.
Your tentacle-slap misses the frost giant.
You squeeze the frost giant!
The frost giant is almost dead.
You are engulfed in freezing vapours.
You die...

)....'..##≈≈≈≈≈≈≈≈..#..≈.≈≈≈≈≈
)....#..##≈≈≈≈≈≈≈..###.≈≈≈≈≈≈≈
.....#..8#≈≈≈≈≈≈..####..≈≈≈≈≈≈≈
#...##..##≈≈≈≈≈≈...##.≈≈≈≈≈≈≈≈
≈
##8##...8#≈≈≈≈≈≈≈≈≈..≈≈≈≈≈≈≈≈≈
≈###....##≈≈≈≈≈≈≈≈≈≈≈≈≈≈≈≈≈≈≈≈
≈# #...##≈≈≈≈≈§≈≈≈≈≈≈≈≈≈≈≈≈≈≈≈
≈# #...#≈≈≈≈≈≈≈§§§≈≈≈≈≈≈≈.....
≈# #..##≈≈≈≈≈≈≈§@§§≈≈≈≈≈.##..≈≈
≈ )# #'##≈≈≈≈≈≈≈≈§§C§≈≈..###
#####...≈≈≈≈≈≈§≈≈§≈≈.### ≈
............≈≈≈≈b≈≈.##
.............≈≈≈≈≈≈##
..........)..≈≈≈≈≈≈#
..≈≈..........≈≈≈≈≈..
.≈≈≈≈≈........≈≈≈≈≈≈≈.
≈PPP≈≈.......≈≈≈≈≈≈≈≈≈ ≈


You could see a frost giant.

Vanquished Creatures
  Saint Roka (Orc:2)
  A storm dragon (D:11)
  An emperor scorpion (Lair:5)
  A stone giant (Shoals:1)
  Josephine (Orc:2)
  A merfolk impaler (Shoals:1)
  A hydra (Lair:6)
  4 two-headed ogres
  2 merfolk avatars (Shoals:1)
  A satyr (Shoals:1)
  4 death yaks
  4 orc high priests
  Nergalle (Lair:2)
  An unseen horror (Lair:5)
  A sea snake (Shoals:1)
  A swamp dragon (Orc:2)
  6 orc knights
  A lindwurm (Lair:5)
  5 orc sorcerers (Orc:2)
  5 oklob plants
  2 cyclopes (Orc:2)
  Maurice (Orc:2)
  8 fauns (Shoals:1)
  2 manticores (Shoals:1)
  A water nymph (Shoals:1)
  6 black mambas
  23 spiny frogs
  5 komodo dragons
  4 trolls
  6 jumping spiders
  5 merfolk (Shoals:1)
  A queen bee (D:9)
  A wind drake (Shoals:1)
  4 tyrant leeches (Lair:6)
  A polar bear (Lair:3)
  27 blink frogs
  7 hippogriffs
  Prince Ribbit (D:7)
  A hornet (D:9)
  8 slime creatures
  3 snapping turtles
  2 redbacks (Lair:4)
  2 wyverns
  32 yaks
  3 wraiths (Orc:2)
  3 hungry ghosts
  A water elemental (Shoals:1)
  Eustachio (D:6)
  2 basilisks
  A steam dragon (Lair:3)
  4 wargs
  Menkaure (Ossuary)
  6 vampire mosquitoes (Lair:6)
  Duvessa (D:4)
  2 soldier ants (D:9)
  6 water moccasins
  25 orc warriors
  7 porcupines
  A hornet zombie (D:9)
  A black bear (Lair:3)
  4 ice beasts
  13 ogres
  3 necrophages
  2 phantoms
  3 wolves (Lair:2)
  5 centaurs
  10 crocodiles
  3 big kobolds (D:10)
  27 bullfrogs
  6 gnoll sergeants
  A water moccasin zombie (D:11)
  Dowan (D:4)
  2 scorpions
  20 killer bees
  4 wights (D:6)
  An electric eel (Lair:6)
  7 crimson imps
  2 lava snakes (D:11)
  2 centaur zombies
  A jelly (D:10)
  A quasit (D:11)
  2 bullfrog skeletons
  4 hounds
  15 orc priests
  3 centaur skeletons
  3 iguanas
  23 orc wizards
  5 worker ants
  A hound zombie (D:8)
  A hound skeleton (D:10)
  4 mummies
  12 gnolls
  5 adders
  A river rat (Lair:1)
  A shadow imp (D:10)
  2 adder skeletons
  A worm (D:2)
  The ghost of equalderp2856 the Skirmisher, a weakling MiFi (D:3)
  4 dart slugs
  3 leopard geckos
  72 orcs
  3 bats
  3 giant cockroaches
  3 gnoll zombies (Ossuary)
  9 goblins
  9 hobgoblins
  12 jackals
  2 quokkas
  3 ball pythons
  5 frilled lizards
  5 gnoll skeletons (Ossuary)
  5 goblin skeletons (Ossuary)
  2 goblin zombies
  3 hobgoblin zombies (Ossuary)
  11 kobolds
  3 kobold skeletons (Ossuary)
  4 kobold zombies
  3 orc zombies (Ossuary)
  A quokka skeleton (D:6)
  7 rats
  4 rat skeletons (Ossuary)
  2 rat zombies (Ossuary)
  A spectral orc (D:2)
  4 plants
646 creatures vanquished.

Vanquished Creatures (collateral kills)
  Fannar (D:11)
  A two-headed ogre (D:11)
  2 yaks (D:9)
  An orc warrior (Orc:1)
  A bullfrog (D:11)
  An orc wizard (D:11)
  3 orcs
10 creatures vanquished.

Vanquished Creatures (others)
  A dancing weapon (D:11)
  An orc sorcerer (Orc:2)
  A warg (Orc:2)
  2 orc warriors (Orc:2)
  2 ogres (Orc:2)
  An orc wizard (Orc:2)
  3 orcs (Orc:2)
  A gnoll skeleton (Ossuary)
  A gnoll zombie (Ossuary)
  2 goblin skeletons (Ossuary)
  3 goblin zombies (Ossuary)
  2 hobgoblin zombies (Ossuary)
  3 kobold skeletons (Ossuary)
  A kobold zombie (Ossuary)
  2 orc skeletons (Ossuary)
  An orc zombie (Ossuary)
  2 rat zombies (Ossuary)
  2 bushes (Lair:6)
  A fungus (Lair:5)
  24 plants
56 creatures vanquished.

Grand Total: 712 creatures vanquished

Notes
Turn   | Place    | Note
-------+----------+-------------------------------------------
     0 | D:1      | Irenicus the Octopode Chaos Knight began the quest for the Orb.
     0 | D:1      | Reached XP level 1. HP: 16/16 MP: 1/1
    88 | D:1      | XOM: divination: magic mapping
   115 | D:1      | XOM: scenery: create altars
   140 | D:1      | Reached XP level 2. HP: 17/21 MP: 2/2
   590 | D:1      | XOM: give mutations
   590 | D:1      | Gained mutation: Your flesh is heat resistant. (rF+) [Xom's grace]
   590 | D:1      | Gained mutation: You are robust. (+10% HP) [Xom's grace]
   590 | D:1      | Gained mutation: Your system is resistant to poisons. (rPois) [Xom's grace]
   590 | D:1      | Gained mutation: You are agile. (Dex +2) [Xom's grace]
   709 | D:1      | XOM: mild Ice miscast
   738 | D:2      | XOM: god gift: 2 javelins of returning
   754 | D:2      | Reached skill level 4 in Unarmed Combat
   754 | D:2      | Reached XP level 3. HP: 28/28 MP: 3/3
   805 | D:2      | XOM: give mutations
   805 | D:2      | Gained mutation: Your spells are a little harder to cast, but a little more powerful. [Xom's grace]
   805 | D:2      | Gained mutation: Your spells are harder to cast, but more powerful. [Xom's grace]
   805 | D:2      | Gained mutation: One of your tentacles bears a spike. [Xom's grace]
   805 | D:2      | Gained mutation: You are very robust. (+20% HP) [Xom's grace]
   893 | D:2      | XOM: god gift: hat {god gift}
  1041 | D:2      | XOM: god gift: scroll labeled YCAQUN ZOSESHRO {god gift}
  1084 | D:2      | Reached XP level 4. HP: 17/37 MP: 4/4
  1137 | D:2      | Reached skill level 5 in Unarmed Combat
  1151 | D:2      | Found a basalt altar of Yredelemnul.
  1367 | D:2      | XOM: scenery: create altars
  1379 | D:2      | XOM: 1-stop teleportation journey
  1409 | D:2      | XOM: give mutations
  1409 | D:2      | Gained mutation: Your mind is acute. (Int +2) [Xom's grace]
  1409 | D:2      | Gained mutation: You are somewhat resistant to further mutation. [Xom's grace]
  1409 | D:2      | Gained mutation: Your flesh is very heat resistant. (rF++) [Xom's grace]
  1835 | D:3      | Noticed equalderp2856's ghost (weakling MiFi)
  1853 | D:3      | Reached XP level 5. HP: 28/43 MP: 5/5
  1861 | D:3      | Killed equalderp2856's ghost
  1863 | D:3      | HP: 2/43 [orc/club (8)]
  2280 | D:3      | XOM: harmless Ice miscast
  2361 | D:3      | XOM: harmless Air miscast
  2721 | D:3      | XOM: harmless Hex miscast
  2875 | D:4      | Reached skill level 6 in Unarmed Combat
  2992 | D:4      | Reached XP level 6. HP: 43/50 MP: 6/6
  3035 | D:4      | XOM: harmless Hex miscast
  3138 | D:4      | Noticed Duvessa
  3141 | D:4      | Noticed Dowan
  3152 | D:4      | Killed Duvessa
  3152 | D:4      | Reached skill level 7 in Unarmed Combat
  3163 | D:4      | Killed Dowan
  3163 | D:4      | Reached XP level 7. HP: 31/55 MP: 7/7
  3326 | D:4      | XOM: give mutations
  3326 | D:4      | Lost mutation: Your mind is acute. (Int +2) [Xom's mischief]
  3326 | D:4      | Gained mutation: You are weak. (Str -2) [Xom's mischief]
  3472 | D:5      | Entered Level 5 of the Dungeon
  3946 | D:5      | XOM: cloud trail
  3967 | D:5      | Found an ancient bone altar of Kikubaaqudgha.
  4066 | D:5      | Reached skill level 8 in Unarmed Combat
  4080 | D:5      | Found a staircase to the Ecumenical Temple.
  4612 | D:6      | XOM: enchant monster (good)
  4615 | D:6      | Reached skill level 9 in Unarmed Combat
  4632 | D:6      | Reached XP level 8. HP: 40/61 MP: 8/8
  4656 | D:6      | Noticed Eustachio
  4666 | D:6      | Killed Eustachio
  4796 | D:6      | Reached skill level 10 in Unarmed Combat
  4802 | D:6      | Found a sparkling altar of Nemelex Xobeh.
  4803 | D:6      | XOM: cleaving
  4901 | D:6      | Found a glowing golden altar of the Shining One.
  4901 | D:6      | Found a snail-covered altar of Cheibriados.
  4901 | D:6      | Found a shattered altar of Ashenzari.
  4927 | D:6      | Found a burning altar of Makhleb.
  4927 | D:6      | Found a stormy altar of Qazlal.
  4980 | D:6      | XOM: harmless Pois miscast
  5016 | D:6      | XOM: harmless Tmut miscast
  5236 | D:6      | XOM: mild Hex miscast
  5333 | D:7      | Found a shadowy altar of Dithmenos.
  5333 | D:7      | XOM: 6-stop teleportation journey
  5356 | D:7      | Reached skill level 11 in Unarmed Combat
  5407 | D:7      | Found a sand-covered staircase.
  5413 | Ossuary  | Entered an ossuary
  5638 | Ossuary  | Noticed Menkaure
  5644 | Ossuary  | XOM: give mutations
  5644 | Ossuary  | Gained mutation: You have supernaturally acute eyesight. (SInv) [Xom's grace]
  5644 | Ossuary  | Gained mutation: You are somewhat resistant to both further mutation and mutation removal. [Xom's grace]
  5645 | Ossuary  | XOM: divination: magic mapping
  5650 | Ossuary  | Killed Menkaure
  5654 | Ossuary  | Reached XP level 9. HP: 51/65 MP: 9/9
  5743 | D:7      | Noticed Prince Ribbit
  5751 | D:7      | Killed Prince Ribbit
  5815 | D:7      | XOM: enchant monster (good)
  5831 | D:7      | XOM: scenery: create altars
  6094 | D:8      | Reached skill level 12 in Unarmed Combat
  6154 | D:8      | XOM: summons 3 hostile demons
  6229 | D:8      | XOM: 4-stop teleportation journey
  6239 | D:8      | Reached skill level 1 in Shields
  6324 | D:8      | XOM: mild Conj miscast
  6516 | D:8      | XOM: divination: magic mapping
  6535 | D:8      | Found a sacrificial altar of Ru.
  6685 | D:8      | Noticed a two-headed ogre
  6700 | D:8      | XOM: potion effect (might)
  6704 | D:8      | Killed a two-headed ogre
  6704 | D:8      | Reached XP level 10. HP: 38/75 MP: 10/10
  7203 | D:9      | Reached skill level 5 in Dodging
  7522 | D:9      | XOM: blink monster(s)
  7531 | D:9      | XOM: fog
  7535 | D:9      | XOM: summons friendly iron imp
  7544 | D:9      | Lost mutation: You are somewhat resistant to both further mutation and mutation removal. [potion of mutation]
  7544 | D:9      | Lost mutation: You are agile. (Dex +2) [potion of mutation]
  7544 | D:9      | Lost mutation: You are somewhat resistant to further mutation. [potion of mutation]
  7544 | D:9      | Gained mutation: Your spells are much harder to cast, but much more powerful. [potion of mutation]
  7544 | D:9      | Gained mutation: You are somewhat resistant to further mutation. [potion of mutation]
  7749 | D:9      | XOM: harmless Summ miscast
  8079 | D:9      | XOM: summons friendly white imp
  8088 | D:9      | XOM: polymorph white imp -> ufetubus
  8103 | D:9      | XOM: polymorph ufetubus -> white imp
  8287 | D:9      | XOM: give mutations
  8287 | D:9      | Gained mutation: You passively map a small area around you. [Xom's grace]
  8287 | D:9      | Gained mutation: You have a beak for a mouth. [Xom's grace]
  8287 | D:9      | Gained mutation: One of your tentacles bears a nasty spike. [Xom's grace]
  8287 | D:9      | Gained mutation: You are partially covered in yellow scales. (AC +2) [Xom's grace]
  8291 | D:9      | XOM: summons 4 friendly demons
  8316 | D:9      | Reached XP level 11. HP: 40/80 MP: 11/11
  8365 | D:10     | Entered Level 10 of the Dungeon
  8471 | D:10     | XOM: enchant monster (good)
  8490 | D:10     | XOM: cleaving
  8636 | D:10     | XOM: summons 5 hostile demons
  8664 | D:10     | XOM: give mutations
  8664 | D:10     | Gained mutation: Your flesh is almost immune to the effects of heat. (rF+++) [Xom's grace]
  8664 | D:10     | Gained mutation: You possess an exceptional clarity of mind. [Xom's grace]
  8664 | D:10     | Gained mutation: You are partially covered in icy blue scales. (AC +2) [Xom's grace]
  8666 | D:10     | Found a staircase to the Lair.
  8852 | D:10     | Found a staircase to the Orcish Mines.
  8888 | D:10     | XOM: destruction
  8895 | D:10     | Reached skill level 10 in Dodging
  8904 | D:10     | XOM: confuse monster(s)
  8997 | D:10     | XOM: confuse monster(s)
  9011 | D:10     | XOM: summons friendly quasit
  9321 | D:11     | Noticed a storm dragon
  9424 | D:11     | Noticed Fannar
  9451 | D:10     | Reached skill level 5 in Fighting
  9482 | D:11     | Noticed a two-headed ogre
  9499 | D:11     | XOM: smoke on damage
  9502 | D:11     | Killed a two-headed ogre
  9520 | D:11     | XOM: 3-stop teleportation journey
  9538 | D:11     | XOM: stat loss: -1 Str (13/14)
  9664 | D:11     | XOM: medium Air miscast
  9666 | D:11     | XOM: medium Erth miscast
  9782 | D:12     | XOM: noise
  9850 | D:12     | XOM: harmless Necr miscast
  9955 | D:12     | XOM: mild Ice miscast
 10100 | D:11     | Noticed a two-headed ogre
 10116 | D:11     | XOM: summons friendly sixfirhy
 10124 | D:11     | Killed Fannar
 10128 | D:11     | Killed a two-headed ogre
 10336 | D:11     | Noticed a two-headed ogre
 10341 | D:11     | XOM: god gift: ring of dexterity {god gift}
 10351 | D:11     | Killed a two-headed ogre
 10511 | D:12     | Noticed a seven-headed hydra
 10701 | D:10     | XOM: give mutations
 10701 | D:10     | Lost mutation: You are weak. (Str -2) [Xom's mischief]
 10701 | D:10     | Lost mutation: You are very robust. (+20% HP) [Xom's mischief]
 10701 | D:10     | Lost mutation: You have supernaturally acute eyesight. (SInv) [Xom's mischief]
 10761 | Orc:1    | Entered Level 1 of the Orcish Mines
 10763 | Orc:1    | Noticed an orc knight
 10765 | Orc:1    | Noticed an orc high priest
 10777 | Orc:1    | XOM: blink monster(s)
 10790 | Orc:1    | Reached XP level 12. HP: 77/90 MP: 12/12
 10804 | Orc:1    | Reached skill level 13 in Unarmed Combat
 10952 | Orc:1    | Killed an orc high priest
 11017 | Orc:1    | Noticed a two-headed ogre
 11021 | Orc:1    | XOM: mild Ice miscast
 11023 | Orc:1    | Killed a two-headed ogre
 11023 | Orc:1    | Reached skill level 5 in Stealth
 11108 | Orc:1    | XOM: swap monsters
 11223 | Orc:1    | XOM: give mutations
 11223 | Orc:1    | Lost mutation: You are partially covered in icy blue scales. (AC +2) [Xom's mischief]
 11223 | Orc:1    | Lost mutation: You are robust. (+10% HP) [Xom's mischief]
 11223 | Orc:1    | Lost mutation: You possess an exceptional clarity of mind. [Xom's mischief]
 11340 | Orc:2    | Entered Level 2 of the Orcish Mines
 11344 | Orc:2    | XOM: polymorph orc sorcerer -> swamp dragon
 11354 | Orc:2    | XOM: god gift: glowing shield {god gift}
 11357 | Orc:2    | XOM: summons 3 friendly demons
 11369 | Orc:1    | XOM: summons 3 friendly demons
 11584 | D:10     | XOM: god gift: 4 steel tomahawks
 11759 | Orc:2    | XOM: summons 5 friendly demons
 11763 | Orc:2    | Noticed Saint Roka
 11764 | Orc:2    | XOM: confuse monster(s)
 11771 | Orc:2    | XOM: blink monster(s)
 11777 | Orc:2    | XOM: divination: detect creatures
 12217 | Orc:2    | XOM: god gift: ring mail {god gift}
 12281 | Orc:2    | XOM: enchant monster (good)
 12307 | Orc:2    | Found a staircase to the Elven Halls.
 12319 | Orc:2    | Noticed Maurice
 12341 | Orc:2    | Killed Maurice
 12380 | Orc:2    | XOM: give mutations
 12380 | Orc:2    | Gained mutation: You have an increased reservoir of magic. (+10% MP) [Xom's grace]
 12380 | Orc:2    | Gained mutation: You have supernaturally acute eyesight. (SInv) [Xom's grace]
 12428 | Orc:2    | XOM: confusion
 12459 | Orc:2    | XOM: confuse monster(s)
 12472 | Orc:2    | Killed Saint Roka
 12472 | Orc:2    | Reached skill level 15 in Unarmed Combat
 12472 | Orc:2    | Reached XP level 13. HP: 17/88 MP: 14/14
 12606 | Orc:2    | Found a flickering gateway to a bazaar.
 12614 | Orc:2    | HP: 2/88 [something (8)]
 12615 | Bazaar   | Entered a bazaar
 12615 | Bazaar   | Found Ynozof's Weapon Shoppe.
 12615 | Bazaar   | Found Toru Xee's Distillery.
 12615 | Bazaar   | Found Pocrae's Antique Weapon Emporium.
 12615 | Bazaar   | Found Razoaw's Antique Armour Shoppe.
 12643 | Bazaar   | Bought a potion of lignification for 33 gold pieces
 12643 | Bazaar   | Bought a potion of curing for 33 gold pieces
 12643 | Bazaar   | Bought 2 potions of lignification for 66 gold pieces
 12643 | Bazaar   | Bought a potion of curing for 33 gold pieces
 12643 | Bazaar   | Bought a potion of might for 44 gold pieces
 12643 | Bazaar   | Bought a potion of curing for 33 gold pieces
 12643 | Bazaar   | Bought a potion of curing for 33 gold pieces
 12643 | Bazaar   | Bought a potion of cancellation for 88 gold pieces
 12643 | Bazaar   | Bought a potion of mutation for 88 gold pieces
 12643 | Bazaar   | Bought a potion of lignification for 33 gold pieces
 12651 | Bazaar   | Bought a runed buckler for 180 gold pieces
 12670 | Orc:2    | HP: 3/88 [something (13)]
 13043 | Orc:2    | XOM: chaos upgrade
 13051 | Orc:2    | Noticed Josephine
 13065 | Orc:2    | Killed Josephine
 13065 | Orc:2    | XOM: enchant monster (bad)
 13070 | Orc:2    | XOM: fake destruction
 13167 | Orc:2    | XOM: 9-stop teleportation journey
 13416 | Orc:2    | Found Musiycsi's Assorted Antiques.
 13418 | Orc:2    | XOM: cast spell 'Summon Butterflies'
 13490 | Orc:2    | Paralysed by an orc sorcerer for 6 turns
 13498 | Orc:2    | XOM: divine lightning
 13742 | Orc:2    | XOM: destruction
 13878 | Orc:2    | XOM: confuse monster(s)
 13890 | Orc:2    | XOM: destruction
 13894 | Orc:2    | XOM: cast spell 'Summon Ice Beast'
 13894 | Orc:2    | Reached skill level 16 in Unarmed Combat
 13919 | Orc:2    | XOM: summons friendly white imp
 13920 | Orc:2    | XOM: enchant monster (bad)
 13934 | Orc:2    | XOM: give mutation
 13934 | Orc:2    | Gained mutation: You possess an exceptional clarity of mind. [Xom's grace]
 14204 | Orc:2    | Found Vopelipp's Assorted Antiques.
 14207 | Orc:2    | Bought a shimmering wooden ring for 140 gold pieces
 14207 | Orc:2    | Identified the ring of the Rose {rC+ Str+2 Dex+2} (You bought it in a shop on level 2 of the Orcish Mines)
 14210 | Orc:2    | Found Zuenalu's Antique Armour Emporium.
 14212 | Orc:2    | Found Mitre's Jewellery Boutique.
 14220 | Orc:2    | Bought a cursed ring of positive energy for 221 gold pieces
 14220 | Orc:2    | Bought the ring "Qatuqymn" {rElec AC+1 Int+2 Dex+4} for 384 gold pieces
 14331 | Orc:2    | XOM: god gift: scroll of recharging
 14719 | D:10     | XOM: destruction
 14754 | D:10     | Found Moezag's Assorted Antiques.
 14762 | D:10     | Bought a potion of heal wounds for 190 gold pieces
 14880 | D:11     | XOM: fog
 14895 | D:11     | XOM: polymorph orc priest -> warg
 14900 | D:11     | XOM: blink monster(s)
 14903 | D:11     | Killed a storm dragon
 15026 | D:10     | XOM: give mutations
 15026 | D:10     | Lost mutation: Your spells are much harder to cast, but much more powerful. [Xom's mischief]
 15026 | D:10     | Lost mutation: You are somewhat resistant to further mutation. [Xom's mischief]
 15063 | Lair:1   | Entered Level 1 of the Lair of Beasts
 15745 | Lair:2   | Noticed Nergalle
 15753 | Lair:2   | Killed Nergalle
 15753 | Lair:2   | Reached skill level 17 in Unarmed Combat
 15848 | Lair:2   | XOM: butterfly on damage
 15949 | Lair:1   | XOM: noise
 15964 | Lair:1   | XOM: smoke on damage
 16029 | Lair:2   | Reached XP level 14. HP: 94/94 MP: 15/15
 16243 | Lair:2   | XOM: blink monster(s)
 16446 | Lair:2   | XOM: medium Chrm miscast
 16458 | Lair:2   | XOM: mild Pois miscast
 16719 | Lair:3   | Found a staircase to the Shoals.
 16815 | Lair:3   | XOM is BORED!
 16815 | Lair:3   | XOM: summons 1 hostile demon
 16948 | Lair:3   | XOM: 5-stop teleportation journey
 16969 | Lair:3   | XOM: 3-stop teleportation journey
 17078 | Lair:3   | Learned a level 3 spell: Mephitic Cloud
 17082 | Lair:3   | XOM: give mutations
 17082 | Lair:3   | Lost mutation: Your system is resistant to poisons. (rPois) [Xom's mischief]
 17082 | Lair:3   | Lost mutation: You possess an exceptional clarity of mind. [Xom's mischief]
 17082 | Lair:3   | Lost mutation: Your flesh is almost immune to the effects of heat. (rF+++) [Xom's mischief]
 17082 | Lair:3   | Lost mutation: You have supernaturally acute eyesight. (SInv) [Xom's mischief]
 17082 | Lair:3   | Gained mutation: Scrolls take you a little longer to read. [Xom's mischief]
 17093 | Lair:3   | XOM: enchant monster (bad)
 17256 | Lair:3   | XOM: noise
 17305 | Lair:3   | XOM: harmless Erth miscast
 17382 | Lair:4   | XOM: torment (53/94 hp)
 17415 | Lair:4   | XOM: swap monsters
 17657 | Lair:4   | Found a hole to the Spider Nest.
 17660 | Lair:4   | XOM: cleaving
 18084 | Lair:5   | XOM: 5-stop teleportation journey
 18180 | Lair:5   | XOM: chaos cloud
 18185 | Lair:5   | XOM: enchant monster (bad)
 18197 | Lair:5   | XOM: confusion
 18201 | Lair:5   | XOM: swap monsters
 18206 | Lair:5   | Noticed an emperor scorpion
 18206 | Lair:5   | a four-headed hydra changed into an emperor scorpion
 18206 | Lair:5   | XOM: polymorph four-headed hydra -> emperor scorpion
 18207 | Lair:5   | XOM: medium Summ miscast
 18217 | Lair:5   | Killed an emperor scorpion
 18238 | Lair:5   | XOM: swap monsters
 18239 | Lair:5   | XOM: polymorph blink frog -> something unseen
 18855 | Lair:5   | XOM is BORED!
 18855 | Lair:5   | XOM: noise
 18896 | Lair:5   | XOM: mild Air miscast
 18922 | Lair:5   | XOM: confuse monster(s)
 18923 | Lair:5   | XOM: confusion
 18953 | Lair:5   | Got a flickering marble ring
 18955 | Lair:5   | Identified the ring "Saminegg" {rF+ AC+5} (You found it on level 5 of the Lair of Beasts)
 19060 | Lair:5   | XOM: mild Hex miscast
 19070 | Lair:6   | Entered Level 6 of the Lair of Beasts
 19114 | Lair:6   | XOM: enchant monster (bad)
 19130 | Lair:6   | XOM: mild Hex miscast
 19158 | Lair:6   | XOM: summons 4 hostile demons
 19214 | Lair:6   | XOM: confuse monster(s)
 19217 | Lair:6   | XOM: divination: detect items
 19410 | Lair:6   | Found a staircase to the Slime Pits.
 19494 | Lair:6   | XOM: enchant monster (good)
 19504 | Lair:6   | XOM: cleaving
 19507 | Lair:6   | XOM: confuse monster(s)
 19520 | Lair:6   | Reached XP level 15. HP: 66/99 MP: 16/16
 19610 | Lair:6   | XOM: scenery: create altars
 19634 | Lair:6   | XOM: polymorph yak -> blink frog
 19640 | Lair:6   | Reached skill level 15 in Dodging
 19641 | Lair:6   | XOM: summons 9 friendly demons
 19672 | Lair:6   | Learned a level 1 spell: Confusing Touch
 19696 | Lair:6   | Learned a level 1 spell: Apportation
 19698 | Lair:6   | Learned a level 1 spell: Animate Skeleton
 19717 | Lair:6   | Reached skill level 1 in Hexes
 19798 | Lair:6   | Reached skill level 1 in Necromancy
 19921 | Lair:6   | Found a viscous altar of Jiyva.
 20010 | Lair:6   | Reached skill level 1 in Translocations
 20014 | Lair:6   | XOM: cleaving
 20074 | Lair:6   | Found a blossoming altar of Fedhas.
 20405 | Lair:3   | XOM: summons 4 hostile demons
 20406 | Shoals:1 | Entered Level 1 of the Shoals
 20442 | Shoals:1 | Learned a level 2 spell: Poisonous Vapours
 20464 | Shoals:1 | XOM: confuse monster(s)
 20473 | Shoals:1 | Reached skill level 1 in Spellcasting
 20649 | Shoals:1 | XOM: enchant monster (bad)
 20653 | Shoals:1 | XOM: snakes to sticks
 20676 | Shoals:1 | XOM: 7-stop teleportation journey
 20806 | Shoals:1 | XOM: enchant monster (good)
 20809 | Shoals:1 | Reached skill level 5 in Hexes
 20886 | Shoals:1 | XOM: enchant monster (good)
 20917 | Shoals:1 | XOM: cleaving
 20977 | Shoals:1 | XOM: fog
 21076 | Shoals:1 | XOM: divination: detect creatures
 21089 | Shoals:1 | XOM: cleaving
 21094 | Shoals:1 | Reached skill level 1 in Poison Magic
 21121 | Shoals:1 | Noticed a kraken
 21138 | Shoals:1 | Noticed a frost giant
 21138 | Shoals:1 | a kraken changed into a frost giant
 21138 | Shoals:1 | XOM: polymorph kraken -> frost giant
 21154 | Shoals:1 | XOM: cleaving
 21167 | Shoals:1 | XOM: cast spell 'Ring of Flames'
 21173 | Shoals:1 | XOM: butterfly on damage
 21174 | Shoals:1 | HP: 1/99 [frost giant] (24)]
 21175 | Shoals:1 | Engulfed by a frost giant's freezing vapour

Skill      XL: |  1  2  3  4  5  6  7  8  9 10 11 12 13 14 15 |
---------------+----------------------------------------------+-----
Unarmed Combat | 4 5 6 7 9 11 12 15 17 | 17.1
Shields        | 6 7 |  7.1
Dodging        | 8 10 14 15 | 15.1
Fighting       | 8 |  8.0
Stealth        | 8 |  8.3
Hexes          | 6 |  6.2
Necromancy     | 1 |  1.1
Translocations | 1 |  1.1
Spellcasting   | 2 |  2.1
Poison Magic   | 2 |  2.3

Action                   |  1- 3 |  4- 6 |  7- 9 | 10-12 | 13-15 || total
-------------------------+-------+-------+-------+-------+-------++-------
Melee: Unarmed           |    68 |   130 |   233 |   649 |   869 ||  1949
       Constrict         |    17 |    30 |    57 |   109 |   153 ||   366
       Tentacles         |     9 |    28 |    43 |   141 |   272 ||   493
       Punch             |     4 |     5 |    14 |    69 |   191 ||   283
       Kick              |     8 |    47 |    81 |   244 |   443 ||   823
       Peck              |       |       |       |   148 |   291 ||   439
Throw: Javelin           |     3 |     5 |       |    12 |       ||    20
 Cast: Confusing Touch   |       |       |       |       |     3 ||     3
Evoke: Wand              |       |       |       |     6 |    13 ||    19
       Fan of gales      |       |       |       |       |     1 ||     1
  Use: Potion            |     2 |     6 |     1 |    16 |    11 ||    36
       Scroll            |       |       |       |    17 |     9 ||    26
 Stab: Sleeping          |     6 |     8 |    12 |     9 |    26 ||    61
       Paralysed         |       |       |     3 |       |     3 ||     6
       Distracted        |       |       |     2 |     4 |    12 ||    18
       Invisible         |       |       |       |     1 |       ||     1
       Confused          |       |       |       |     8 |     6 ||    14
       Betrayed ally     |       |       |       |       |     1 ||     1
  Eat: Chunk             |       |     7 |    10 |    19 |    28 ||    64
       Fruit             |       |       |     1 |     2 |       ||     3
Armor: Skin              |     8 |    22 |     9 |    38 |    91 ||   168
Dodge: Dodged            |    41 |    56 |    90 |   337 |   450 ||   974
Block: Buckler           |       |       |     5 |   140 |   209 ||   354
